Map: Ascension to Aiur LE

Players

Elazer

  • Race: Zerg Zerg
  • League: Master
  • Spawn Location: 5:00

Stats - Winner!

  • Race: Protoss Protoss
  • League: Master
  • Spawn Location: 11:00

Event: HomeStory Cup XVI

VOD

Have the link to the VOD?

Description

Time

  • Played on: Nov. 11, 2017, 7:44 a.m.
  • Length: 12:18

All games in this series

Show
View Real Time Build Order
Export as new Build Order

Elazer Zerg 

Build Orders: Hatch First 

Get SALT Encoding   

  12  0:01  Drone  
  13  0:12  Overlord  
  13  0:17  Drone  
  14  0:30  Drone  
  14  0:31  Drone  
  14  0:35  Drone  
  17  0:51  Hatchery  
  17  0:54  Drone  
  17  0:57  Drone  
  18  1:08  Extractor  
  17  1:12  Spawning Pool  
  17  1:16  Drone  
  17  1:19  Drone  
  18  1:28  Drone  
  19  1:38  Overlord  
  19  1:49  Drone  
  20  1:59  Queen  
  20  2:01  Drone  
  23  2:03  Queen, Zergling x2  
  23  2:07  Metabolic Boost  
  26  2:11  Drone  
  26  2:14  Drone  
  28  2:27  Zergling x2  
  28  2:28  Zergling x2  
  30  2:37  Hatchery  
  30  2:43  Overlord  
  29  2:49  Pneumatized Carapace  
  29  2:53  Zergling x4  
  29  2:55  Drone  
  32  3:03  Overlord  
  33  3:05  Drone x2  
  33  3:08  Drone  
  33  3:12  Spore Crawler  
  33  3:15  Drone  
  33  3:17  Drone  
  33  3:19  Drone  
  35  3:23  Drone x2  
  35  3:29  Drone  
  35  3:31  Drone  
  36  3:44  Drone  
  36  3:45  Drone x2  
  37  3:49  Drone x2  
  37  3:51  Drone  
  37  3:54  Queen  
  42  3:58  Spore Crawler  
  42  4:00  Drone x2  
  42  4:02  Drone  
  44  4:06  Drone  
  44  4:07  Drone  
  46  4:11  Drone  
  46  4:14  Lair  
  47  4:19  Overlord  
  47  4:20  Drone  
  47  4:23  Drone  
  48  4:26  Drone x2  
  48  4:27  Drone  
  48  4:28  Drone  
  50  4:34  Evolution Chamber  
  50  4:36  Drone x3  
  53  4:38  Zergling x2  
  53  4:40  Drone  
  53  4:41  Drone  
  53  4:42  Drone  
  56  4:50  Spore Crawler, Drone x3  
  58  4:56  Zergling x6  
  58  4:59  Drone  
  62  5:01  Drone  
  62  5:05  Overlord, Drone  
  62  5:06  Drone  
  61  5:10  Drone x2  
  61  5:11  Drone  
  63  5:16  Drone  
  63  5:20  Extractor  
  64  5:21  Extractor, Hydralisk Den, Zergling x8  
  64  5:25  Overlord  
  65  5:31  Zergling x2  
  65  5:32  Zergling x2  
  66  5:37  Queen  
  66  5:39  Overlord  
  66  5:40  Drone  
  66  5:41  Drone x2  
  71  5:43  Drone x2  
  71  5:44  Extractor  
  71  5:48  Drone x2  
  71  5:49  Drone x3  
  77  5:50  Drone x3  
  77  5:51  Drone  
  80  5:57  Drone x2  
  80  5:59  Drone  
  80  6:01  Drone  
  80  6:02  Zerg Missile Weapons Level 1  
  84  6:08  Extractor, Muscular Augments, Overlord  
  84  6:10  Drone  
  84  6:11  Drone  
  82  6:12  Drone  
  82  6:13  Drone  
  83  6:21  Overlord  
  83  6:22  Extractor  
  83  6:24  Overlord  
  80  6:25  Overlord  
  80  6:31  Baneling Nest  
  80  6:32  Overlord  
  79  6:34  Overlord  
  79  6:36  Drone x2  
  79  6:39  Hydralisk, Hatchery  
  80  6:43  Hydralisk x2  
  86  6:47  Hydralisk x2  
  89  6:55  Hydralisk  
  89  6:56  Hydralisk x2  
  95  7:01  Hydralisk x3  
  95  7:05  Overlord  
  101  7:09  Hydralisk x2  
  101  7:13  Drone x2  
  101  7:14  Drone  
  109  7:15  Drone  
  109  7:18  Overlord  
  109  7:20  Drone x4  
  109  7:21  Drone  
  113  7:24  Overseer  
  113  7:30  Drone  
  113  7:34  Drone  
  113  7:35  Drone x2  
  113  7:36  Drone x2  
  120  7:37  Drone  
  120  7:38  Hatchery  
  120  7:42  Overlord  
  119  7:45  Hydralisk  
  119  7:46  Hydralisk  
  119  7:50  Spire  
  122  7:55  Hydralisk x3  
  122  7:58  Zerg Missile Weapons Level 2  
  128  8:03  Overlord  
  128  8:05  Drone x2  
  129  8:07  Hydralisk x2  
  129  8:09  Overlord  
  129  8:12  Overlord  
  132  8:18  Hydralisk x3  
  138  8:21  Centrifical Hooks  
  138  8:26  Hydralisk x3  
  144  8:29  Overlord  
  144  8:35  Zergling x10  
  144  8:36  Zergling x2  
  144  8:37  Overlord  
  144  8:40  Hydralisk x3  
  156  8:45  Zergling x4  
  156  8:46  Zergling x6  
  156  8:48  Overlord  
  161  8:53  Zergling x8  
  165  8:56  Overlord  
  165  9:02  Corruptor  
  164  9:03  Corruptor x2  
  164  9:09  Corruptor x3  
  170  9:13  Zerg Flyer Weapons Level 1  
  170  9:16  Corruptor  
  178  9:21  Overseer  
  177  9:29  Infestation Pit, Corruptor  
  178  9:38  Corruptor  
  178  9:42  Corruptor  
  178  9:44  Extractor  
  178  9:45  Extractor  
  180  9:47  Zergling x16  
  187  9:53  Corruptor  
  187  9:55  Corruptor  
  187  9:58  Zergling x4  
  187  9:59  Zergling x14  
  192  10:35  Hydralisk x9  
  171  10:37  Hydralisk  
  171  10:38  Hydralisk x4  
  171  10:42  Zergling x14  
  196  10:54  Hydralisk x4  
  196  10:56  Overlord x2  
  187  11:02  Hydralisk x7  
  172  11:07  Hydralisk x4  
  172  11:08  Zergling x8  
  171  11:18  Zergling x6  
  171  11:19  Zergling x8  
  171  11:22  Hydralisk x2  
  176  11:32  Hydralisk x2  
  161  11:33  Hydralisk x2  
  161  11:36  Zergling x6  
  161  11:39  Hydralisk x2  
  144  11:40  Hydralisk x3  
  144  11:45  Hydralisk x2  
  136  11:50  Hydralisk  
  136  11:51  Hydralisk  
  128  11:57  Zergling x2  
  128  11:58  Zergling x6  
Show
View Real Time Build Order
Export as new Build Order

Stats Protoss - Winner!

Build Orders: 1 Gate Expand, Oracle Opening 

Get SALT Encoding   

  12  0:02  Probe (Chrono Boost)  
  14  0:14  Probe (Chrono Boost)  
  14  0:18  Pylon  
  14  0:26  Probe (Chrono Boost)  
  15  0:32  Probe (Chrono Boost)  
  15  0:40  Probe (Chrono Boost)  
  16  0:43  Gateway  
  16  0:47  Assimilator  
  17  0:53  Probe (Chrono Boost)  
  18  0:59  Probe (Chrono Boost)  
  19  1:07  Probe (Chrono Boost)  
  20  1:22  Nexus  
  20  1:31  Cybernetics Core  
  20  1:36  Probe (Chrono Boost)  
  21  1:40  Assimilator  
  22  1:48  Probe (Chrono Boost)  
  22  1:50  Pylon  
  22  1:58  Adept  
  22  2:00  Probe (Chrono Boost)  
  23  2:11  Stargate  
  23  2:14  Probe (Chrono Boost)  
  26  2:17  Adept  
  26  2:21  Warp Gate  
  26  2:26  Probe (Chrono Boost)  
  30  2:37  Probe (Chrono Boost)  
  30  2:40  Probe (Chrono Boost)  
  30  2:43  Adept  
  31  2:48  Oracle  
  31  2:49  Probe (Chrono Boost)  
  35  2:52  Probe (Chrono Boost)  
  38  3:01  Probe (Chrono Boost)  
  38  3:05  Probe (Chrono Boost)  
  41  3:13  Probe (Chrono Boost)  
  41  3:17  Probe (Chrono Boost)  
  42  3:25  Probe (Chrono Boost)  
  44  3:29  Probe (Chrono Boost)  
  44  3:33  Gateway  
  43  3:34  Pylon  
  43  3:37  Probe (Chrono Boost)  
  43  3:41  Probe (Chrono Boost)  
  45  3:43  Pylon  
  46  3:49  Probe (Chrono Boost)  
  46  3:52  Pylon  
  46  3:54  Robotics Facility  
  46  3:57  Assimilator  
  46  3:58  Assimilator  
  46  4:00  Probe (Chrono Boost)  
  46  4:02  Probe (Chrono Boost)  
  45  4:09  Pylon  
  45  4:11  Gateway  
  45  4:12  Probe (Chrono Boost)  
  45  4:14  Probe (Chrono Boost)  
  48  4:24  Warp Prism  
  48  4:25  Probe (Chrono Boost)  
  48  4:26  Adept, Probe (Chrono Boost)  
  48  4:27  Adept  
  53  4:37  Probe (Chrono Boost)  
  55  4:38  Probe (Chrono Boost)  
  57  4:49  Nexus  
  57  4:50  Adept x2  
  57  4:52  Pylon  
  61  4:57  Observer  
  62  5:15  Sentry x3  
  62  5:18  Probe x2 (Chrono Boost)  
  70  5:23  Pylon  
  70  5:25  Twilight Council  
  70  5:26  Forge  
  70  5:32  Pylon  
  70  5:33  Probe x2 (Chrono Boost)  
  72  5:38  Pylon  
  72  5:43  Adept  
  72  5:44  Adept, Immortal  
  72  5:45  Stalker  
  72  5:49  Protoss Ground Weapons Level 1  
  78  5:53  Probe x2 (Chrono Boost)  
  78  5:56  Gateway  
  80  5:57  Gateway  
  80  5:59  Gateway  
  82  6:13  Stalker x2  
  82  6:14  Stalker  
  84  6:24  Observer  
  85  6:30  Blink, Robotics Bay  
  87  6:34  Probe x2 (Chrono Boost)  
  87  6:36  Probe (Chrono Boost)  
  88  6:42  Pylon  
  88  6:46  Adept x2, Probe x2 (Chrono Boost)  
  95  6:48  Immortal, Probe (Chrono Boost)  
  95  6:57  Assimilator  
  95  6:58  Probe x2 (Chrono Boost)  
  95  7:00  Probe (Chrono Boost)  
  98  7:02  Assimilator  
  102  7:10  Probe x2 (Chrono Boost)  
  102  7:13  Probe (Chrono Boost), Colossus  
  105  7:19  Extended Thermal Lance  
  105  7:22  Probe x2 (Chrono Boost)  
  107  7:24  Shield Battery  
  107  7:25  Gateway, Probe (Chrono Boost)  
  107  7:26  Gateway  
  107  7:27  Pylon  
  114  7:42  Forge  
  114  7:49  Protoss Ground Weapons Level 2  
  111  7:53  Colossus  
  111  8:11  Protoss Ground Armor Level 1  
  113  8:13  Gateway  
  113  8:14  Stalker x2  
  113  8:15  Stalker x4  
  113  8:17  Gateway  
  125  8:25  Pylon  
  125  8:26  Pylon  
  125  8:27  Colossus, Pylon  
  125  8:29  Pylon  
  125  8:31  Charge  
  125  8:40  Pylon  
  125  8:42  Pylon  
  131  8:52  Templar Archives  
  131  8:57  Stalker x6  
  131  8:58  Stalker  
  145  9:14  Pylon  
  145  9:21  Zealot  
  145  9:22  Zealot  
  145  9:23  Zealot x3  
  153  9:33  High Templar x4, Zealot  
  163  9:40  Archon x2  
  163  9:42  Zealot  
  163  9:43  Zealot x3  
  171  9:47  Pylon  
  171  9:49  Pylon  
  171  9:50  Pylon  
  171  10:01  Pylon  
  171  10:07  Nexus  
  169  10:10  Gateway  
  169  10:14  High Templar x6  
  171  10:15  Zealot x3  
  185  10:21  Archon x3  
  185  10:26  Pylon  
  162  10:46  Zealot x4  
  162  10:47  Zealot x5, Warp Prism  
  158  11:07  High Templar x2  
  158  11:08  High Templar x2, Zealot x5  
  172  11:14  Archon  
  173  11:20  Probe x3 (Chrono Boost)  
  173  11:21  Probe (Chrono Boost)  
  162  11:32  Zealot x4  
  152  11:33  Zealot  
  116  11:49  Archon  
  116  11:50  Zealot x4  
  117  11:56  Zealot x5  
  123  12:04  Probe x4 (Chrono Boost)  
  123  12:05  Assimilator x2  
  123  12:10  Stalker x4  
Tags
 
Add a new tag
Caveats
  • Supply blocks, unpowered buildings, or Contaminate may cause inaccurate times.
  • Supply counts are checked every 10 seconds.